| TOP OF THE 1ST |
|
Newark Black Sox batting - Pitching for Williamsport Greys : LHP Ron Krauss
|
|
Pitching: LHP Ron Krauss
|
|
|
Batting: RHB Kirk Downs
|
0-0: Called Strike 0-1: Ball 1-1: Ball 2-1: Fly out, F8 (Flyball, 78D, EV 107.5 MPH)
|
|
Batting: RHB James Moriarty
|
0-0: Called Strike 0-1: SINGLE (Line Drive, 8RS, EV 98.1 MPH)
|
|
Batting: RHB Jerry Bendorf
|
0-0: Ball James Moriarty steals 2nd base 1-0: Ball 2-0: Ball 3-0: Base on Balls
|
|
Batting: RHB Adrien Perkins
|
0-0: Ball 1-0: Ball 2-0: Ball 3-0: Base on Balls James Moriarty to third Jerry Bendorf to second
|
|
Batting: RHB Ignacio Velasquez
|
0-0: Swinging Strike 0-1: Foul Ball, location: 2F 0-2: Ball 1-2: Reached on error, E5 (Groundball, 5S, EV 68.8 MPH) James Moriarty scores Jerry Bendorf to third Adrien Perkins to second
|
|
Batting: RHB Thomas Merkle
|
0-0: Called Strike 0-1: Foul Ball, location: 2F 0-2: Foul Ball, location: 2F 0-2: Fly out, F8 (Flyball, 8LD, EV 106.9 MPH) Runner from 3rd tags up, SCORES, throw by CF Adrien Perkins to third
|
|
Batting: RHB Henry Hubbard
|
0-0: Ball 1-0: Swinging Strike 1-1: Ball Wild Pitch! Adrien Perkins scores Ignacio Velasquez to second 2-1: Ball 3-1: Base on Balls
|
|
Batting: RHB Danny Griffin
|
0-0: Ball 1-0: 3-RUN HOME RUN (Flyball, 9D, EV 98.1 MPH), Distance : 374 ft
|
|
Batting: RHB Orlando Gonzalez
|
0-0: Foul Ball, location: 2F 0-1: Ball 1-1: Ground out 6-3 (Groundball, 6, EV 92.5 MPH)
|
| Top of the 1st over - 6 runs, 2 hits, 1 error, 0 left on base; Newark 6 - Williamsport 0 |
| BOTTOM OF THE 1ST |
|
Williamsport Greys batting - Pitching for Newark Black Sox : RHP Jeffery Childers
|
|
Pitching: RHP Jeffery Childers
|
|
|
Batting: RHB Omar Garcia
|
0-0: Ground out U3 (Groundball, 34S, EV 70.0 MPH)
|
|
Batting: LHB Bobby Buchanon
|
0-0: Ball 1-0: Ball 2-0: Fly out, F5 (Popup, 56, EV 71.3 MPH)
|
|
Batting: SHB Edwin Darling
|
0-0: Called Strike 0-1: Ball 1-1: Ball 2-1: Called Strike 2-2: Foul Ball, location: 2F 2-2: Ball 3-2: Fly out, F5 (Popup, 5, EV 76.3 MPH)
|
| Bottom of the 1st over - 0 runs, 0 hits, 0 errors, 0 left on base; Newark 6 - Williamsport 0 |
| TOP OF THE 2ND |
|
Newark Black Sox batting - Pitching for Williamsport Greys : LHP Ron Krauss
|
|
Batting: RHB Kirk Downs
|
0-0: Swinging Strike 0-1: Foul Ball, location: 2F 0-2: Strikes out swinging
|
|
Batting: RHB James Moriarty
|
0-0: Ball 1-0: Foul Ball, location: 2F 1-1: Ball 2-1: Foul Ball, location: 2F 2-2: Ball 3-2: Strikes out looking
|
|
Batting: RHB Jerry Bendorf
|
0-0: Called Strike 0-1: SINGLE (Groundball, 4MD, EV 104.4 MPH)
|
|
Pitching: RHP Mitchell Johnson
|
|
|
Batting: RHB Adrien Perkins
|
0-0: Swinging Strike 0-1: Swinging Strike 0-2: Ball 1-2: Strikes out swinging
|
| Top of the 2nd over - 0 runs, 1 hit, 0 errors, 1 left on base; Newark 6 - Williamsport 0 |
| BOTTOM OF THE 2ND |
|
Williamsport Greys batting - Pitching for Newark Black Sox : RHP Jeffery Childers
|
|
Batting: RHB Doug Carpenter
|
0-0: Ball 1-0: Foul Ball, location: 2F 1-1: Fly out, F9 (Flyball, 9, EV 93.8 MPH)
|
|
Batting: RHB Manny Rivera
|
0-0: Ball 1-0: Ball 2-0: SINGLE (Line Drive, 8LS, EV 105.0 MPH)
|
|
Batting: SHB James Allen
|
0-0: Ball 1-0: Ball 2-0: Called Strike 2-1: Fielders Choice at 2nd, 4-6 (Groundball, 4, EV 86.9 MPH)
|
|
Batting: RHB Thomas Niemann
|
0-0: Called Strike 0-1: Foul Ball, location: 2F 0-2: Ball 1-2: Foul Ball, location: 2F 1-2: Foul Ball, location: 2F 1-2: Strikes out swinging
|
| Bottom of the 2nd over - 0 runs, 1 hit, 0 errors, 1 left on base; Newark 6 - Williamsport 0 |
| TOP OF THE 3RD |
|
Newark Black Sox batting - Pitching for Williamsport Greys : RHP Mitchell Johnson
|
|
Batting: RHB Ignacio Velasquez
|
0-0: Called Strike 0-1: Swinging Strike 0-2: Ball 1-2: Strikes out swinging
|
|
Batting: RHB Thomas Merkle
|
0-0: Ball 1-0: Foul Ball, location: 2F 1-1: Foul Ball, location: 2F 1-2: Fly out, F5 (Popup, 56, EV 61.3 MPH)
|
|
Batting: RHB Henry Hubbard
|
0-0: Ball 1-0: Ball 2-0: Foul Ball, location: 2F 2-1: Called Strike 2-2: Ball 3-2: Strikes out swinging
|
| Top of the 3rd over - 0 runs, 0 hits, 0 errors, 0 left on base; Newark 6 - Williamsport 0 |
| BOTTOM OF THE 3RD |
|
Williamsport Greys batting - Pitching for Newark Black Sox : RHP Jeffery Childers
|
|
Batting: RHB Brad Luther
|
0-0: Ball 1-0: Ball 2-0: Called Strike 2-1: Ball 3-1: SINGLE (Line Drive, 8RS, EV 91.9 MPH)
|
|
Batting: RHB Nelson Pedraza
|
0-0: Ball 1-0: Ball 2-0: Swinging Strike 2-1: Called Strike 2-2: Grounds into double play, 5-4-3 (Groundball, 56, EV 88.1 MPH)
|
|
Batting: RHB Omar Garcia
|
0-0: Ball 1-0: Ball 2-0: Ground out 5-3 (Groundball, 56, EV 80.0 MPH)
|
| Bottom of the 3rd over - 0 runs, 1 hit, 0 errors, 0 left on base; Newark 6 - Williamsport 0 |
| TOP OF THE 4TH |
|
Newark Black Sox batting - Pitching for Williamsport Greys : RHP Mitchell Johnson
|
|
Batting: RHB Danny Griffin
|
0-0: Called Strike 0-1: Ball 1-1: Ball 2-1: Foul Ball, location: 2F 2-2: Strikes out swinging
|
|
Batting: RHB Orlando Gonzalez
|
0-0: Called Strike 0-1: Ball 1-1: Ball 2-1: DOUBLE (Line Drive, 89M, EV 92.5 MPH)
|
|
Batting: RHB Kirk Downs
|
0-0: Called Strike 0-1: Called Strike 0-2: Foul Ball, location: 2F 0-2: Ball 1-2: Strikes out swinging
|
|
Batting: RHB James Moriarty
|
0-0: Fly out, F8 (Line Drive, 8RD, EV 101.3 MPH)
|
| Top of the 4th over - 0 runs, 1 hit, 0 errors, 1 left on base; Newark 6 - Williamsport 0 |
| BOTTOM OF THE 4TH |
|
Williamsport Greys batting - Pitching for Newark Black Sox : RHP Jeffery Childers
|
|
Batting: LHB Bobby Buchanon
|
0-0: Called Strike 0-1: Called Strike 0-2: Ball 1-2: Ground out 6-3 (Groundball, 6M, EV 107.5 MPH)
|
|
Batting: SHB Edwin Darling
|
0-0: Fly out, F9 (Flyball, 9LD, EV 91.9 MPH)
|
|
Batting: RHB Doug Carpenter
|
0-0: Ball 1-0: Ball 2-0: Called Strike 2-1: Swinging Strike 2-2: Fly out, F8 (Line Drive, 8RD, EV 91.9 MPH)
|
| Bottom of the 4th over - 0 runs, 0 hits, 0 errors, 0 left on base; Newark 6 - Williamsport 0 |
| TOP OF THE 5TH |
|
Newark Black Sox batting - Pitching for Williamsport Greys : RHP Mitchell Johnson
|
|
Batting: RHB Jerry Bendorf
|
0-0: Called Strike 0-1: Ball 1-1: Ball 2-1: SINGLE (Groundball, 56D, EV 95.0 MPH)
|
|
Batting: RHB Adrien Perkins
|
0-0: Foul Ball, location: 2F 0-1: Ball 1-1: Foul Ball, location: 2F 1-2: Strikes out looking
|
|
Batting: RHB Ignacio Velasquez
|
0-0: Ball 1-0: Called Strike 1-1: Foul Ball, location: 2F 1-2: Strikes out swinging
|
|
Batting: RHB Thomas Merkle
|
0-0: Ball 1-0: Called Strike 1-1: Foul Ball, location: 2F 1-2: Ball 2-2: Strikes out looking
|
| Top of the 5th over - 0 runs, 1 hit, 0 errors, 1 left on base; Newark 6 - Williamsport 0 |
| BOTTOM OF THE 5TH |
|
Williamsport Greys batting - Pitching for Newark Black Sox : RHP Jeffery Childers
|
|
Batting: RHB Manny Rivera
|
0-0: Ground out 5-3 (Groundball, 56S, EV 75.6 MPH)
|
|
Batting: SHB James Allen
|
0-0: Ball 1-0: Called Strike 1-1: TRIPLE (Flyball, 89XD, EV 90.6 MPH)
|
|
Batting: RHB Thomas Niemann
|
0-0: Ground out 1-3 (Groundball, 25, EV 62.5 MPH)
|
|
Batting: RHB Brad Luther
|
0-0: Swinging Strike 0-1: Foul Ball, location: 2F 0-2: Ball 1-2: Ball 2-2: Foul Ball, location: 2F 2-2: Strikes out looking
|
| Bottom of the 5th over - 0 runs, 1 hit, 0 errors, 1 left on base; Newark 6 - Williamsport 0 |
| TOP OF THE 6TH |
|
Newark Black Sox batting - Pitching for Williamsport Greys : RHP Mitchell Johnson
|
|
Batting: RHB Henry Hubbard
|
0-0: Called Strike 0-1: Ball 1-1: Ball 2-1: Ball 3-1: SINGLE (Flyball, 3D, EV 83.8 MPH)
|
|
Batting: RHB Danny Griffin
|
0-0: Ball 1-0: Ball 2-0: Fly out, F7 (Flyball, 78D, EV 101.3 MPH)
|
|
Batting: RHB Orlando Gonzalez
|
0-0: Swinging Strike 0-1: Ball 1-1: Ball Henry Hubbard steals 2nd base (no throw) 2-1: Ball 3-1: Called Strike 3-2: Foul Ball, location: 2F 3-2: Strikes out looking
|
|
Batting: RHB Kirk Downs
|
0-0: Ball 1-0: SINGLE (Flyball, 4MD, EV 86.9 MPH) Henry Hubbard to third Runner from 3rd tries for Home, SAFE, throw by CF to home
|
|
Batting: RHB James Moriarty
|
0-0: Ball 1-0: Called Strike 1-1: Ball 2-1: Called Strike Kirk Downs is caught stealing 2nd base 2-4
|
| Top of the 6th over - 1 run, 2 hits, 0 errors, 0 left on base; Newark 7 - Williamsport 0 |
| BOTTOM OF THE 6TH |
|
Williamsport Greys batting - Pitching for Newark Black Sox : RHP Jeffery Childers
|
|
Batting: RHB Nelson Pedraza
|
0-0: Ground out U3 (Groundball, 34, EV 95.6 MPH)
|
|
Batting: RHB Omar Garcia
|
0-0: Foul Ball, location: 2F 0-1: Swinging Strike 0-2: Ball 1-2: Ball 2-2: Foul Ball, location: 2F 2-2: Ball 3-2: Ground out U3 (Groundball, 34, EV 80.0 MPH)
|
|
Batting: LHB Bobby Buchanon
|
0-0: Ball 1-0: Swinging Strike 1-1: Ball 2-1: Foul Ball, location: 2F 2-2: Strikes out swinging
|
| Bottom of the 6th over - 0 runs, 0 hits, 0 errors, 0 left on base; Newark 7 - Williamsport 0 |
| TOP OF THE 7TH |
|
Newark Black Sox batting - Pitching for Williamsport Greys : RHP Mitchell Johnson
|
|
Pitching: RHP Anthony Verano
|
|
|
Batting: RHB James Moriarty
|
0-0: Ball 1-0: Ball 2-0: Ball 3-0: Base on Balls
|
|
Batting: RHB Jerry Bendorf
|
0-0: Called Strike 0-1: Foul Ball, location: 2F 0-2: Ball 1-2: Ball 2-2: Strikes out swinging
|
|
Batting: RHB Adrien Perkins
|
0-0: Ball 1-0: Called Strike 1-1: Called Strike 1-2: Ball 2-2: Foul Ball, location: 2F 2-2: SINGLE (Flyball, 34D, EV 85.6 MPH) James Moriarty to second
|
|
Pinch Hitting: RHB Randall Whistler
|
0-0: Fly out, F4 (Flyball, 4D, EV 85.0 MPH)
|
|
Batting: RHB Thomas Merkle
|
0-0: Ball 1-0: Ball 2-0: SINGLE (Groundball, 6MD, EV 106.9 MPH) James Moriarty to third Adrien Perkins to second Runner from 3rd tries for Home, SAFE, throw by CF to home
|
|
Batting: RHB Henry Hubbard
|
0-0: Ball 1-0: Ball 2-0: Ball 3-0: Base on Balls Adrien Perkins to third Thomas Merkle to second
|
|
Batting: RHB Danny Griffin
|
0-0: Swinging Strike 0-1: SINGLE (Groundball, 5D, EV 94.4 MPH) Adrien Perkins scores Thomas Merkle to third Henry Hubbard to second Runner from 3rd tries for Home, SAFE, throw by LF to home
|
|
Batting: RHB Orlando Gonzalez
|
0-0: Fly out, F9 (Flyball, 9D, EV 83.1 MPH)
|
| Top of the 7th over - 3 runs, 3 hits, 0 errors, 2 left on base; Newark 10 - Williamsport 0 |
| BOTTOM OF THE 7TH |
|
Williamsport Greys batting - Pitching for Newark Black Sox : RHP Jeffery Childers
|
|
Now at C: Randall Whistler
|
|
|
Batting: SHB Edwin Darling
|
0-0: Called Strike 0-1: DOUBLE (Flyball, 89XD, EV 110.0 MPH)
|
|
Pinch Hitting: RHB Vincent Woods
|
0-0: Ball 1-0: Called Strike 1-1: Ball 2-1: Ball 3-1: Foul Ball, location: 2F 3-2: Fly out, F8 (Flyball, 89M, EV 90.6 MPH)
|
|
Pinch Hitting: RHB James Silva
|
0-0: Ball 1-0: Ball 2-0: Foul Ball, location: 2F 2-1: TRIPLE (Flyball, 78XD, EV 109.4 MPH) Edwin Darling scores
|
|
Pinch Hitting: RHB Jim D'Aloia
|
0-0: Called Strike 0-1: SINGLE (Flyball, 8RS, EV 83.1 MPH) James Silva scores
|
|
Batting: RHB Thomas Niemann
|
0-0: Ball Jim D'Aloia steals 2nd base 1-0: Ball 2-0: Ball 3-0: Called Strike 3-1: Swinging Strike 3-2: Foul Ball, location: 2F 3-2: Fly out, F9 (Line Drive, 9, EV 91.9 MPH)
|
|
Batting: RHB Brad Luther
|
0-0: Called Strike 0-1: Swinging Strike 0-2: Fly out, F8 (Line Drive, 8RD, EV 110.0 MPH)
|
| Bottom of the 7th over - 2 runs, 3 hits, 0 errors, 1 left on base; Newark 10 - Williamsport 2 |
| TOP OF THE 8TH |
|
Newark Black Sox batting - Pitching for Williamsport Greys : RHP Anthony Verano
|
|
Now at SS: Jim D'Aloia
|
|
|
Now in LF: Alonzo Powell
|
|
|
Now in RF: Vincent Woods
|
|
|
Batting: RHB Kirk Downs
|
0-0: Called Strike 0-1: TRIPLE (Flyball, 89XD, EV 86.9 MPH)
|
|
Batting: RHB James Moriarty
|
0-0: Ball 1-0: Swinging Strike 1-1: Called Strike 1-2: Ball 2-2: Foul Ball, location: 2F 2-2: Foul Ball, location: 2F 2-2: Ground out 6-3 (Groundball, 6, EV 83.1 MPH) Kirk Downs scores
|
|
Batting: RHB Jerry Bendorf
|
0-0: Ball 1-0: Foul Ball, location: 2F 1-1: Fly out, F9 (Flyball, 89D, EV 101.3 MPH)
|
|
Batting: RHB Adrien Perkins
|
0-0: Ball 1-0: Ball 2-0: SOLO HOME RUN (Flyball, 7D, EV 99.4 MPH), Distance : 384 ft
|
|
Pitching: RHP Ramon Vargas
|
|
|
Pinch Hitting: LHB William Nafziger
|
0-0: SINGLE (Groundball, 6D, EV 93.8 MPH)
|
|
Batting: RHB Thomas Merkle
|
0-0: Ball 1-0: Foul Ball, location: 2F 1-1: Ball 2-1: Fly out, F8 (Flyball, 78D, EV 89.4 MPH)
|
| Top of the 8th over - 2 runs, 3 hits, 0 errors, 1 left on base; Newark 12 - Williamsport 2 |
| BOTTOM OF THE 8TH |
|
Williamsport Greys batting - Pitching for Newark Black Sox : RHP Jeffery Childers
|
|
Pitching: RHP Onofredo Tortima
|
|
|
Now at C: William Nafziger
|
|
|
Batting: RHB Nelson Pedraza
|
0-0: Ball 1-0: Ball 2-0: Ball 3-0: Base on Balls
|
|
Batting: RHB Omar Garcia
|
0-0: Fly out, F8 (Flyball, 8LD, EV 104.4 MPH)
|
|
Batting: LHB Bobby Buchanon
|
0-0: Ball 1-0: Ball 2-0: Ball 3-0: Base on Balls Nelson Pedraza to second
|
|
Batting: SHB Edwin Darling
|
0-0: Ball 1-0: SINGLE (Flyball, 3D, EV 96.9 MPH) Nelson Pedraza to third Bobby Buchanon to second
|
|
Batting: RHB Vincent Woods
|
0-0: Ball 1-0: SINGLE (Line Drive, 89S, EV 90.6 MPH) Nelson Pedraza scores Bobby Buchanon to third Edwin Darling to second Runner from 3rd tries for Home, SAFE, throw by RF to home
|
|
Batting: RHB Alonzo Powell
|
0-0: Called Strike 0-1: Ball 1-1: Swinging Strike 1-2: Ball 2-2: Strikes out swinging
|
|
Batting: RHB Jim D'Aloia
|
0-0: Called Strike 0-1: Swinging Strike 0-2: Ball 1-2: Ground out 4-3 (Groundball, 4, EV 98.8 MPH)
|
| Bottom of the 8th over - 2 runs, 2 hits, 0 errors, 2 left on base; Newark 12 - Williamsport 4 |
| TOP OF THE 9TH |
|
Newark Black Sox batting - Pitching for Williamsport Greys : RHP Ramon Vargas
|
|
Batting: RHB Henry Hubbard
|
0-0: Foul Ball, location: 2F 0-1: Called Strike 0-2: Foul Ball, location: 2F 0-2: SINGLE (Line Drive, 7LM, EV 108.8 MPH)
|
|
Batting: RHB Danny Griffin
|
0-0: Swinging Strike 0-1: Foul Ball, location: 2F 0-2: Ball 1-2: Fielders Choice at 2nd, 6-4 (Groundball, 6, EV 107.5 MPH)
|
|
Batting: RHB Orlando Gonzalez
|
0-0: Ball 1-0: Ball 2-0: Foul Ball, location: 2F 2-1: Foul Ball, location: 2F 2-2: Ball 3-2: Foul Ball, location: 2F 3-2: Base on Balls Danny Griffin to second
|
|
Batting: RHB Kirk Downs
|
0-0: Foul Ball, location: 2F 0-1: Foul Ball, location: 2F 0-2: Ball 1-2: Reached on error, E6 (Groundball, 6, EV 93.8 MPH) Danny Griffin to third Orlando Gonzalez to second
|
|
Batting: RHB James Moriarty
|
0-0: Called Strike 0-1: Fly out, F9 (Flyball, 89D, EV 100.6 MPH) Runner from 3rd tags up, SCORES, throw by RF Orlando Gonzalez to third
|
|
Batting: RHB Jerry Bendorf
|
0-0: Foul Ball, location: 2F 0-1: Ball 1-1: DOUBLE (Line Drive, 89M, EV 90.6 MPH) Orlando Gonzalez scores Kirk Downs to third Runner from 3rd tries for Home, SAFE, no throw by CF
|
|
Batting: RHB Adrien Perkins
|
0-0: Swinging Strike 0-1: Ball 1-1: Fly out, F6 (Line Drive, 6, EV 68.1 MPH)
|
| Top of the 9th over - 3 runs, 2 hits, 1 error, 1 left on base; Newark 15 - Williamsport 4 |
| BOTTOM OF THE 9TH |
|
Williamsport Greys batting - Pitching for Newark Black Sox : RHP Onofredo Tortima
|
|
Pinch Hitting: RHB Samuel Dotson
|
0-0: Foul Ball, location: 2F 0-1: Foul Ball, location: 2F 0-2: SINGLE (Flyball, 9S, EV 87.5 MPH)
|
|
Batting: RHB Brad Luther
|
0-0: Ball 1-0: Foul Ball, location: 2F 1-1: Grounds into double play, 6-4-3 (Groundball, 6, EV 91.3 MPH)
|
|
Batting: RHB Nelson Pedraza
|
0-0: Called Strike 0-1: Fly out, F8 (Flyball, 8LXD, EV 104.4 MPH)
|
| Bottom of the 9th over - 0 runs, 1 hit, 0 errors, 0 left on base; Newark 15 - Williamsport 4 |
|